 Dungeon Crawl Stone Soup version 0.18-a0-750-g37044d6 (webtiles) character file.

1334 lucasterio the Basher (level 8, -1/87 HPs)
             Began as a Demonspawn Berserker on Dec 12, 2015.
             Was an Elder of Trog.
             Slain by JokEr's ghost (6 damage)
             ... on level 7 of the Dungeon.
             The game lasted 00:12:40 (5948 turns).

lucasterio the Basher (Demonspawn Berserker)        Turns: 5948, Time: 00:12:40

Health: -1/87      AC:  6    Str: 24    XL:     8   Next: 35%
Magic:  8/8        EV: 11    Int: 11    God:    Trog [****..]
Gold:   285        SH:  0    Dex: 13    Spells: 0 memorised, 7 levels left

rFire  . . .     SeeInvis .     a - +0 mace
rCold  . . .     Clarity  .     x - +0 ring mail
rNeg   . . .     SustAt   .     (no shield)
rPois  .         Gourm    .     (helmet restricted)
rElec  .         Spirit   .     (no cloak)
rCorr  +         Dismiss  .     (no gloves)
rMut   .         Stasis   .     (boots unavailable)
MR     .....                    j - amulet of resist corrosion
Stlth  ..........               (no ring)
                                q - +2 ring of intelligence

@: berserking, very quick, not resistant to hostile enchantments, extremely
unstealthy
A: claws 1, hooves 3, horns 1, powered by death 1
a: Berserk, Trog's Hand, Brothers in Arms, Burn Spellbooks, Renounce Religion


You were on level 7 of the Dungeon.
You worshipped Trog.
Trog was greatly pleased with you.
You were not hungry.

You visited 1 branch of the dungeon, and saw 7 of its levels.

You collected 285 gold pieces.

Inventory:

Hand Weapons
 a - a +0 mace (weapon)
 F - a +0 shortbow
Missiles
 m - 18 arrows of frost
 y - 2 tomahawks (quivered)
 G - 19 arrows
Armour
 x - a +0 ring mail (worn)
 C - a +0 large shield
 D - a +0 buckler
Jewellery
 j - an amulet of resist corrosion (around neck)
 q - a +2 ring of intelligence (left claw)
Scrolls
 b - a scroll of magic mapping {unknown}
 e - 3 scrolls of teleportation {unknown}
 f - 3 scrolls of identify {unknown}
 l - 2 scrolls of recharging {unknown}
 o - a scroll of noise {unknown}
 s - 5 scrolls of fog {unknown}
 u - 2 scrolls of random uselessness {unknown}
 v - a scroll of enchant weapon {unknown}
 A - 2 scrolls of amnesia {unknown}
 B - a scroll of silence {unknown}
 L - a scroll of remove curse {unknown}
Potions
 d - 5 potions of curing {unknown}
 g - a potion of lignification {unknown}
 i - 3 potions of heal wounds {unknown}
 k - a potion of might {unknown}
 n - a potion of mutation {unknown}
 r - a potion of brilliance {unknown}
 t - a potion of haste {unknown}
 w - a potion of beneficial mutation {unknown}
 z - a potion of cancellation {unknown}
 E - a potion of degeneration {unknown}
 H - a potion of magic {unknown}
Books
 K - a book of Necromancy

   Spells                             Type                      Level
   a - Pain                           Necromancy                   1
   b - Animate Skeleton               Necromancy                   1
   c - Vampiric Draining              Necromancy                   3
   d - Regeneration                   Charms/Necromancy            3
   e - Animate Dead                   Necromancy                   4
   f - Control Undead                 Necromancy                   4
   Trog disapproves of the use of such an item.
Comestibles
 c - 3 bread rations
 h - 10 meat rations
 p - a beef jerky
 J - 4 fruits


   Skills:
 - Level 3.0 Fighting
 * Level 8.3 Maces & Flails
 + Level 5.3 Armour
 - Level 1.7 Dodging


You had 7 spell levels left.
You didn't know any spells.

Dungeon Overview and Level Annotations

Branches:
Dungeon (7/15)
 Temple: D:4-7

Altars:
Ashenzari
Cheibriados
Gozag
Ru
Trog
Yredelemnul
The Shining One

Shops:
D:5 *   D:6 :

Annotations:
D:7 JokEr's ghost, novice HEFi


Innate Abilities, Weirdness & Mutations

You have sharp fingernails.
You have hooves in place of feet.
You have a pair of small horns on your head.
You regenerate a little health from kills.


Message History

You hit JokEr's ghost. You kick JokEr's ghost.
You headbutt JokEr's ghost, but do no damage.
JokEr's ghost is lightly damaged.
JokEr's ghost hits you!
You hit JokEr's ghost but do no damage.
You headbutt JokEr's ghost, but do no damage.
JokEr's ghost is lightly damaged.
JokEr's ghost hits you!!
You hit JokEr's ghost but do no damage. You kick JokEr's ghost.
JokEr's ghost is lightly damaged.
JokEr's ghost hits you!
* * * LOW HITPOINT WARNING * * *
A red film seems to cover your vision as you go berserk!
You feel yourself moving faster!
You feel mighty!
You feel somewhat more hungry. JokEr's ghost hits you!
* * * LOW HITPOINT WARNING * * *
You sock JokEr's ghost!
JokEr's ghost is moderately damaged.
JokEr's ghost hits you.
You die...

### ..#
#.# #.
#.# #.#
#W# #..
#@# #..#
#.# #..#
#.#
#..###.#
#.....(#
##...####
#.......+
##...####
####.###


You could see JokEr's ghost.

Vanquished Creatures
  Grinder (D:5)
  An ice beast (D:6)
  An orc warrior (D:6)
  2 centaurs
  3 vampire bats (D:3)
  2 crimson imps (D:6)
  An orc priest (D:4)
  A hound (D:6)
  A giant frog skeleton (D:4)
  3 orc wizards
  Jessica (D:2)
  4 worker ants
  2 iguanas (D:6)
  A hound skeleton (D:4)
  4 gnolls (D:6)
  11 adders
  3 oozes
  A worm (D:3)
  4 giant geckos
  10 orcs
  6 giant cockroaches
  10 goblins
  3 hobgoblins (D:2)
  16 jackals
  4 kobolds
  A quokka (D:3)
  3 ball pythons
  14 bats
  A giant gecko zombie (D:6)
  3 giant newts
  A jackal skeleton (D:4)
  A quokka skeleton (D:5)
  5 rats
125 creatures vanquished.

Notes
Turn   | Place    | Note
--------------------------------------------------------------
     0 | D:1      | lucasterio the Demonspawn Berserker began the quest for the Orb.
     0 | D:1      | Reached XP level 1. HP: 18/18 MP: 1/1
   273 | D:1      | Gained mutation: You have a pair of small horns on your head. [demonic ancestry]
   273 | D:1      | Reached XP level 2. HP: 18/24 MP: 2/2
  1016 | D:1      | Gained mutation: You regenerate a little health from kills. [demonic ancestry]
  1016 | D:1      | Reached XP level 3. HP: 26/29 MP: 3/3
  1124 | D:2      | Reached ** piety under Trog
  1408 | D:2      | Gained mutation: You have large cloven feet. [demonic ancestry]
  1408 | D:2      | Reached XP level 4. HP: 24/35 MP: 4/4
  1441 | D:2      | Noticed Jessica
  1448 | D:2      | Killed Jessica
  1448 | D:2      | Reached skill level 4 in Maces & Flails
  1783 | D:2      | Found a sacrificial altar of Ru.
  2071 | D:3      | Found a bloodstained altar of Trog.
  2140 | D:3      | Gained mutation: You have sharp fingernails. [demonic ancestry]
  2140 | D:3      | Reached XP level 5. HP: 25/41 MP: 5/5
  2145 | D:3      | Reached *** piety under Trog
  2274 | D:3      | Found a basalt altar of Yredelemnul.
  2761 | D:3      | Reached skill level 5 in Maces & Flails
  2777 | D:3      | Gained mutation: You have hoof-like feet. [demonic ancestry]
  2777 | D:3      | Reached XP level 6. HP: 47/47 MP: 6/6
  3085 | D:4      | Reached skill level 6 in Maces & Flails
  3772 | D:5      | Entered Level 5 of the Dungeon
  3869 | D:5      | Found Itaqai Izirgh's Assorted Antiques.
  3900 | D:5      | Gained mutation: You have hooves in place of feet. [demonic ancestry]
  3900 | D:5      | Reached XP level 7. HP: 11/52 MP: 7/7
  4507 | D:5      | Noticed Grinder
  4517 | D:5      | Killed Grinder
  4737 | D:5      | Reached skill level 7 in Maces & Flails
  5002 | D:6      | Reached skill level 5 in Armour
  5002 | D:6      | Reached XP level 8. HP: 29/58 MP: 8/8
  5248 | D:6      | Reached skill level 8 in Maces & Flails
  5322 | D:6      | Found Foiplaba's Book Emporium.
  5434 | D:6      | Found a glowing golden altar of the Shining One.
  5440 | D:6      | Found a snail-covered altar of Cheibriados.
  5485 | D:6      | Reached **** piety under Trog
  5530 | D:6      | Found a shattered altar of Ashenzari.
  5533 | D:6      | Found an opulent altar of Gozag.
  5937 | D:7      | Noticed JokEr's ghost (novice HEFi)
  5948 | D:7      | Slain by JokEr's ghost

Vault maps used:
D:1:      dpeg_arrival_line_fractal, serial_bayou_crossing
D:2:      hangedman_ru_absence, first_bread, minmay_close_crescents,
          uniq_jessica
D:3:      lemuel_doored_altar, nicolae_overflow_crystal_walls, roderic_batcave
D:5:      serial_shops, shop, uniq_grinder
D:6:      nicolae_overflow_hidden_temple, serial_shops, shop_statue
D:7:      elyvilon_altar_4, minmay_temple_entry_purple_smoke

Action                   |  1- 3 |  4- 6 |  7- 9 || total
-------------------------+-------+-------+-------++-------
Melee: Mace              |   123 |   210 |   123 ||   456
Invok: Berserk           |     1 |     3 |     4 ||     8
       Trog's Hand       |       |     1 |       ||     1
  Eat: Chunk             |     3 |     9 |     9 ||    21
       Beef jerky        |       |       |     2 ||     2
